 Dungeon Crawl Stone Soup version 0.29-a0-284-gf9362112df (webtiles) character file.

Game seed: 2951845163571205868

14749 sammy202020 the Cleaver (level 11, -9/106 HPs)
             Began as a Minotaur Berserker on Mar 19, 2022.
             Was an Elder of Trog.
             Mangled by a yaktaur (12 damage)
             ... on level 10 of the Dungeon on Mar 20, 2022.
             The game lasted 00:18:26 (9408 turns).

sammy202020 the Cleaver (Minotaur Berserker)        Turns: 9408, Time: 00:18:27

Health: -9/106     AC: 23    Str: 23    XL:     11   Next: 92%
Magic:  10/10      EV:  9    Int:  8    God:    Trog [****..]
Gold:   564        SH:  0    Dex:  9    Spells: 10/10 levels left

rFire   . . .      SeeInvis .   g - +3 battleaxe (vorpal)
rCold   + . .      Faith    .   (shield currently unavailable)
rNeg    . . .      Spirit   .   N - +0 plate armour {Will+}
rPois   +          Reflect  .   B - +0 hat {Will+}
rElec   .          Harm     .   u - +2 cloak
rCorr   .          Rampage  .   m - +0 pair of gloves of Eternity {+Inv rPois Will+++ Str-5}
Will    +++++                   i - +1 pair of boots
Stlth   ..........              n - amulet of the acrobat
HPRegen 1.27/turn               s - ring of protection from cold
MPRegen 0.12/turn               a - ring of Symmetry {rPois Str+5 Slay+4}

@: strong-willed, on berserk cooldown, regenerating
A: horns 2, retaliatory headbutt
a: Renounce Religion, Evoke Invisibility, Berserk, Trog's Hand, Brothers in Arms


You were on level 10 of the Dungeon.
You worshipped Trog.
Trog was greatly pleased with you.
You visited 1 branch of the dungeon, and saw 10 of its levels.

You collected 564 gold pieces.

Inventory:

Hand Weapons
 g - a +3 vorpal battleaxe (weapon)
 x - a +0 flail
 y - a +0 hand crossbow
 D - a +0 war axe of protection
 L - a +0 dire flail
Missiles
 h - 15 poisoned darts
 z - 6 silver javelins (quivered)
 E - 2 boomerangs
 F - a curare-tipped dart
Armour
 i - a +1 pair of boots (worn)
 j - a +0 troll leather armour
 l - a +1 plate armour
 m - the +0 pair of gloves of Eternity (worn) {+Inv rPois Will+++ Str-5}
   (You found it on level 7 of the Dungeon)

   Str:       It affects your strength (-5).
   rPois:     It protects you from poison.
   +Inv:      It lets you turn invisible.
   Will:      It greatly increases your willpower.
 u - a +2 cloak (worn)
 B - a +0 hat of willpower (worn)
 N - a +0 plate armour of willpower (worn)
Jewellery
 a - the ring of Symmetry (right hand) {rPois Str+5 Slay+4}
   (You acquired it on level 7 of the Dungeon)

   [ring of slaying]

   Str:       It affects your strength (+5).
   Slay:      It affects your accuracy & damage with ranged weapons and melee
   (+4).
   rPois:     It protects you from poison.
 e - a ring of fire
 n - an amulet of the acrobat (around neck)
 p - a +6 ring of dexterity
 s - a ring of protection from cold (left hand)
 K - a ring of protection from fire
Wands
 r - a wand of flame (25)
 I - a wand of iceblast (13)
 M - a wand of paralysis (3)
Scrolls
 b - a scroll of noise
 c - 2 scrolls of immolation
 G - 2 scrolls of fear
 H - 6 scrolls of teleportation
Potions
 d - 3 potions of flight
 f - 2 potions of magic
 k - 4 potions of curing
 o - 2 potions of haste
 q - a potion of might
 t - a potion of lignification
 v - a potion of degeneration
 w - a potion of ambrosia
 A - a potion of attraction
 J - a potion of resistance {unknown}
 P - a potion of cancellation


   Skills:
 * Level 12.9 Fighting
 * Level 12.9 Axes
 * Level 12.6 Armour
 + Level 8.5 Dodging


You had 10 spell levels left.
You didn't know any spells.
Your spell library was empty.

Dungeon Overview and Level Annotations

Branches:
Dungeon (10/15)            Temple (0/1) D:7            Lair (0/6) D:8
    Orc: D:9-12

Altars:
Cheibriados
Makhleb
Wu Jian
Xom

Shops:
D:7 *


Innate Abilities, Weirdness & Mutations

You have a pair of horns on your head.
You reflexively headbutt those who attack you in melee.


Message History

You start removing your armour.
You continue taking off your +1 plate armour. x4
The yaktaur wields a +0 arbalest.
The yaktaur shoots a bolt.
The bolt hits you!
* * * LOW HITPOINT WARNING * * *
You finish taking off your +1 plate armour.
Unknown command.
Your skin stops crawling.
You feel less strong-willed.
Things that are here:
a +0 shortbow; a +0 long sword; a fire dragon corpse You start putting on your armour.
You continue putting on your +0 plate armour of willpower.
Your extra speed is starting to run out.
You continue putting on your +0 plate armour of willpower. x2
You feel a little less mighty now.
You continue putting on your +0 plate armour of willpower.
You finish putting on your +0 plate armour of willpower.
You feel strong-willed.
The yaktaur unwields a +0 arbalest.
The yaktaur closely misses you.
You slash the yaktaur! You headbutt the yaktaur.
The yaktaur is moderately wounded.
You feel yourself slow down. The yaktaur hits you!
* * * LOW HITPOINT WARNING * * *
Okay, then.
You feel better.
You feel yourself speed up.
The yaktaur hits you but does no damage.
Your skin crawls.
You feel strong-willed. The yaktaur barely misses you.
You barely miss the yaktaur.
The yaktaur is moderately wounded.
The yaktaur hits you!
* * * LOW HITPOINT WARNING * * *
The yaktaur hits you!
* * * LOW HITPOINT WARNING * * *
You slash the yaktaur!
The yaktaur is heavily wounded.
The yaktaur hits you!
You die...

#.#)####..#.#.#..####.##.#
##.##).####..#..####...†..#
#..##....####).###.######.#
#..##.#....#####†.........#
#..##...#....##.##.######.#
#..##.#...#....#####......#
#..##...#....###..####.##.#
#..##)#....####c##..####..##
#..##....####..#@###..####.#
#<.##..####....#...###..##.#
#..######......#...).†....##
...# ....#..#...###..###
.#.# ..###..#[###..###
##.#### . ...###..###
#....### ..c#[.###
####...### #### ##....###


You could see a yaktaur.

Vanquished Creatures
  Gastronok (D:8)
  A fire dragon (D:10)
  A hydra (D:10)
  A boulder beetle (D:10)
  An ogre mage (D:10)
  A two-headed ogre (D:9)
  A death knight (D:10)
  An ugly thing (D:10)
  2 gargoyles (D:10)
  A kobold demonologist (D:10)
  An unseen horror (D:10)
  A tengu conjurer (D:10)
  2 trolls
  3 hornets
  Sigmund (D:2)
  A vampire (D:9)
  14 yaks
  2 wyverns (D:8)
  2 steam dragons
  5 water moccasins
  2 acid dragons
  Duvessa (D:4)
  A sky beast (D:3)
  2 black bears (D:5)
  3 ogres
  9 centaurs
  3 phantoms
  2 kobold brigands
  3 scorpions
  A necrophage (D:5)
  A bullfrog (D:7)
  6 wights
  Dowan (D:4)
  3 killer bees (D:10)
  6 howler monkeys
  2 jellies
  3 hounds
  2 orc priests (D:7)
  5 orc wizards
  3 iguanas
  Robin (D:4)
  4 adders
  A shadow imp (D:7)
  A white imp (D:7)
  An ufetubus (D:5)
  2 worms
  28 orcs
  5 endoplasms
  4 giant cockroaches
  9 hobgoblins
  15 jackals
  3 quokkas
  4 ball pythons
  4 bats (D:1)
  A frilled lizard (D:3)
  15 goblins
  12 kobolds
  5 rats
217 creatures vanquished.

Vanquished Creatures (others)
  A wizard (D:10)
  An unseen horror (D:10)
  An orc priest (D:4)
  An orc wizard (D:8)
  An orc (D:8)
  2 bushes (D:8)
  2 fungi
  55 plants
64 creatures vanquished.

Grand Total: 281 creatures vanquished

Notes
Turn   | Place    | Note
-------+----------+-------------------------------------------
     0 | D:1      | sammy202020 the Minotaur Berserker began the quest for the
                  | Orb.
     0 | D:1      | Reached XP level 1. HP: 19/19 MP: 0/0
   425 | D:1      | Reached XP level 2. HP: 27/27 MP: 1/1
  1141 | D:1      | Reached XP level 3. HP: 32/33 MP: 2/2
  1202 | D:2      | Noticed Sigmund
  1217 | D:2      | Killed Sigmund
  1218 | D:2      | Reached skill level 5 in Fighting
  1218 | D:2      | Reached skill level 5 in Axes
  1218 | D:2      | Reached XP level 4. HP: 39/42 MP: 3/3
  1218 | D:2      | Reached XP level 5. HP: 44/48 MP: 4/4
  1256 | D:2      | Found a faded altar of an unknown god.
  1752 | D:2      | Reached ** piety under Trog
  2127 | D:3      | Noticed a sky beast
  2127 | D:3      | Noticed a phantom
  2152 | D:3      | Killed a sky beast
  2153 | D:3      | Reached XP level 6. HP: 41/56 MP: 5/5
  2158 | D:3      | Reached skill level 5 in Armour
  2516 | D:4      | Noticed Duvessa
  2516 | D:4      | Noticed Dowan
  2538 | D:4      | Killed Duvessa
  2539 | D:4      | Killed Dowan
  2540 | D:4      | Reached XP level 7. HP: 31/63 MP: 6/6
  3002 | D:4      | Noticed Robin
  3022 | D:4      | Killed Robin
  3845 | D:5      | Entered Level 5 of the Dungeon
  4073 | D:5      | Reached XP level 8. HP: 60/71 MP: 7/7
  4287 | D:5      | Found an ornate altar of the Wu Jian Council.
  4289 | D:5      | Found a snail-covered altar of Cheibriados.
  4401 | D:5      | Reached *** piety under Trog
  4838 | D:6      | Reached skill level 5 in Dodging
  5566 | D:7      | Found a staircase to the Ecumenical Temple.
  5645 | D:7      | Reached XP level 9. HP: 81/81 MP: 8/8
  5676 | D:7      | Identified a scroll of acquirement
  5676 | D:7      | Acquired the ring of Symmetry {rPois Str+5 Slay+4}
  5810 | D:7      | Noticed a troll
  5820 | D:7      | Killed a troll
  6030 | D:7      | Identified the +0 pair of gloves of Eternity {+Inv rPois
                  | Will+++ Str-5}
  6161 | D:7      | Found Sibe's Assorted Antiques.
  6293 | D:8      | Found a burning altar of Makhleb.
  6296 | D:8      | Noticed Gastronok
  6311 | D:8      | Killed Gastronok
  6312 | D:8      | Reached XP level 10. HP: 71/93 MP: 9/9
  6509 | D:8      | Reached skill level 10 in Fighting
  6706 | D:8      | Reached skill level 10 in Axes
  6987 | D:8      | Reached skill level 10 in Armour
  7054 | D:8      | Found a staircase to the Lair.
  7075 | D:8      | Reached **** piety under Trog
  7714 | D:9      | Noticed a two-headed ogre
  7732 | D:9      | Killed a two-headed ogre
  8370 | D:10     | Entered Level 10 of the Dungeon
  8483 | D:10     | Found a shimmering altar of Xom.
  8792 | D:10     | Reached XP level 11. HP: 80/102 MP: 10/10
  9255 | D:10     | Found a runed translucent door.
  9256 | D:10     | Noticed a green ugly thing
  9258 | D:10     | Noticed a wizard
  9266 | D:10     | Killed a green ugly thing
  9275 | D:10     | Killed a wizard
  9328 | D:10     | Noticed a fire dragon
  9342 | D:10     | Killed a fire dragon
  9344 | D:10     | Noticed an ogre mage
  9344 | D:10     | Noticed a boulder beetle
  9344 | D:10     | Noticed an eight-headed hydra
  9360 | D:10     | Killed a boulder beetle
  9365 | D:10     | Killed an ogre mage
  9373 | D:10     | Killed an eight-headed hydra
  9380 | D:10     | Noticed a death knight
  9385 | D:10     | Killed a death knight
  9404 | D:10     | HP: 4/106 [yaktaur (13)]
  9408 | D:10     | Mangled by a yaktaur

Illustrated notes

Levels and vault maps discovered:
D:1:      dpeg_arrival_prison, layout_basic, minmay_misc_feat_rugged,
          serial_bayou_lagoon_a, minmay_strange_pillars
D:2:      layout_basic, ebering_ecumenical_altar_sacrificial,
          minmay_tromino_v4_c, uniq_sigmund
D:3:      layout_basic
D:4:      layout_basic, uniq_duvessa, uniq_robin
D:5:      layout_rooms, nicolae_overflow_squiral
D:6:      layout_rooms, nicolae_overflow_hidden_temple
D:7:      layout_rooms, minmay_temple_entry_statues_fountains, serial_shops,
          nicolae_lakefront_shop, serial_glass, glass_columns_b, glass_columns_b
D:8:      layout_loops_ring, bloody_makhleb, minmay_lair_entry_grove,
          minmay_stone_trees_small, chequers_avenue, uniq_gastronok
D:9:      layout_basic, nicolae_figureground_sparkle
D:10:     minmay_the_grid_triangle_9x9_rhombus_full
          [minmay_the_grid_triangle_9x9_thin_v,
          minmay_the_grid_triangle_9x9_from_above,
          minmay_the_grid_triangle_9x9_minimal,
          minmay_the_grid_triangle_9x9_flanged_cone,
          minmay_the_grid_triangle_9x9_negative_grid,
          minmay_the_grid_triangle_9x9_pentomino_pain,
          minmay_the_grid_triangle_9x9_subtriangle,
          minmay_the_grid_triangle_9x9_prize_insulated], layout_rooms,
          mainiacjoe_overflow_six_doors_small

Skill      XL: |  1  2  3  4  5  6  7  8  9 10 11 |
---------------+----------------------------------+-----
Axes           | 4 5 6 8 9 11 12 | 12.9
Fighting       | 4 5 6 8 9 11 12 | 12.9
Armour         | 3 4 5 6 7 9 11 12 | 12.6
Dodging        | 3 4 5 6 7 8 |  8.5

Action                   |  1- 3 |  4- 6 |  7- 9 | 10-12 || total
-------------------------+-------+-------+-------+-------++-------
Melee: Hand axe          |    69 |    96 |   250 |   268 ||   683
       Headbutt          |     9 |     7 |    51 |    82 ||   149
       Punch             |     1 |     1 |     6 |     3 ||    11
       Flail             |       |       |       |    16 ||    16
       Battleaxe         |       |       |       |     3 ||     3
Throw: Dart              |       |       |    39 |       ||    39
       Javelin           |       |       |     3 |       ||     3
Invok: Trog's Hand       |       |     2 |     2 |     3 ||     7
       Berserk           |       |     2 |     3 |     3 ||     8
  Use: Scroll            |       |       |    17 |     6 ||    23
       Potion            |       |       |       |     4 ||     4
Armor: Ring mail         |    25 |     5 |       |       ||    30
       Animal skin       |     3 |       |       |       ||     3
       Plate armour      |       |    40 |   154 |   173 ||   367
Dodge: Dodged            |    53 |    42 |   108 |   138 ||   341

Table legend: (Time is in decaauts)
 A = Elapsed time spent in this place.
 B = Non-inter-level travel time spent in this place.
 C = Inter-level travel time spent in this place.
 D = Time resting spent in this place.
 E = Time spent auto-exploring this place.
 F = Levels seen in this place.
 G = Mean time per level.
                   A        B        C        D        E       F      G
               +--------+--------+--------+--------+--------+-----+--------+
         Total |   9390 |   9143 |    247 |    490 |   6880 |  10 |  939.0 |
       Dungeon |   9390 |   9143 |    247 |    490 |   6880 |  10 |  939.0 |
               +--------+--------+--------+--------+--------+-----+--------+

Top non-repeatable levels by time:
     D:4: 1341 daAuts
     D:1: 1192 daAuts
     D:8: 1149 daAuts
    D:10: 986 daAuts
     D:5: 954 daAuts
     D:9: 920 daAuts
     D:2: 796 daAuts
     D:7: 752 daAuts
     D:6: 745 daAuts
     D:3: 552 daAuts
